 Dungeon Crawl Stone Soup version 0.20-a0-309-gcba9277 (webtiles) character file.

5051 Duffy the Geomancer (level 10, -3/85 HPs)
             Began as a Deep Dwarf Earth Elementalist on Dec 18, 2016.
             Was a Believer of Makhleb.
             Slain by a hornet (6 damage)
             ... on level 8 of the Dungeon.
             The game lasted 00:23:09 (8927 turns).

Duffy the Geomancer (Deep Dwarf Earth Elementalist) Turns: 8927, Time: 00:23:10

Health: -3/85      AC:  6    Str: 12    XL:     10   Next: 31%
Magic:  29/29      EV: 12    Int: 19    God:    Makhleb [**....]
Gold:   337        SH:  2    Dex: 13    Spells: 7/23 levels left

rFire  + + .     SeeInvis .     a - +9 long sword of Plague {slice, +Rage rF++ rC- Stlth+}
rCold  . . .     Gourm    .     c - +1 robe
rNeg   . . .     Faith    .     (no shield)
rPois  .         Spirit   .     J - +2 helmet
rElec  .         Reflect  +     (no cloak)
rCorr  .         Harm     .     (no gloves)
MR     +....                    (no boots)
Stlth  +++.......               i - +2 amulet of reflection
                                p - ring of protection from cold
                                r - ring of magical power

@: lethally poisoned (-3 -> -3), non-regenerating, slowed, very slow
A: damage resistance, recharge devices, sense surroundings 2, slow regeneration
3
a: Device Recharging, Minor Destruction, Renounce Religion, Evoke Berserk Rage


You were on level 8 of the Dungeon.
You worshipped Makhleb.
Makhleb was pleased with you.
You were hungry.

You visited 2 branches of the dungeon, and saw 9 of its levels.
You also visited: Bailey.

You collected 461 gold pieces.
You spent 124 gold pieces at shops.

Inventory:

Hand Weapons
 a - the +9 long sword of Plague (weapon) {slice, +Rage rF++ rC- Stlth+}
   (You found it on level 7 of the Dungeon)

   It inflicts extra damage upon your enemies.
   It greatly protects you from fire.
   It makes you vulnerable to cold.
   It lets you go berserk.
   It makes you more stealthy.
 m - a +1 dagger of venom
 q - a cursed -3 hunting sling
 E - a +4 dire flail
 F - a +1 dagger of protection
 P - a +3 flail of holy wrath
 S - a +2 whip of electrocution
 V - the +7 falchion of Lauclo Fapi {slice, rC+, unknown}
   (You took it off a hobgoblin in a bailey)

   It inflicts extra damage upon your enemies.
   It protects you from cold.
Missiles
 b - 93 stones (quivered)
 w - 5 curare-tipped needles
Armour
 c - a +1 robe (worn)
 h - a +0 shield
 A - a +2 buckler
 J - a +2 helmet (worn)
 O - a +2 large shield
Magical Staves
 y - an uncursed staff of cold
 I - an uncursed staff of wizardry
Jewellery
 i - a +2 amulet of reflection (around neck)
 p - a ring of protection from cold (right hand)
 r - a ring of magical power (left hand)
 x - an uncursed amulet of rage
Wands
 d - a wand of heal wounds (1/9)
Scrolls
 g - a scroll of random uselessness {unknown}
 j - 3 scrolls of enchant armour
 n - 2 scrolls of amnesia
 o - a scroll of fear {unknown}
 s - a scroll of blinking {unknown}
 u - 2 scrolls of noise {unknown}
 D - a scroll of magic mapping
 G - 2 scrolls of remove curse {unknown}
 H - 4 scrolls of immolation {unknown}
 L - 2 scrolls of silence {unknown}
 M - a scroll of recharging
Potions
 l - 2 potions of curing
 t - a potion of haste
 z - 2 potions of cancellation
 C - a potion of ambrosia
 N - a potion of magic
 Q - 4 potions of heal wounds
 W - a potion of mutation {unknown}
 Y - a potion of brilliance {unknown}
Books
 e - a book of Geomancy

   Spells                             Type                      Level
   a - Sandblast                      Earth                        1
   b - Passwall                       Transmutation/Earth          2
   c - Stone Arrow                    Conjuration/Earth            3
   d - Petrify                        Transmutation/Earth          4
   e - Lee's Rapid Deconstruction     Earth                        5
 B - a book of Conjurations

   Spells                             Type                      Level
   a - Magic Dart                     Conjuration                  1
   b - Searing Ray                    Conjuration                  2
   c - Dazzling Spray                 Conjuration/Hexes            3
   d - Fulminant Prism                Conjuration/Hexes            4
   e - Iskenderun's Mystic Blast      Conjuration                  4
   f - Iskenderun's Battlesphere      Conjuration/Charms           5
 K - a book of Air

   Spells                             Type                      Level
   a - Shock                          Conjuration/Air              1
   b - Swiftness                      Charms/Air                   2
   c - Repel Missiles                 Charms/Air                   2
   d - Static Discharge               Conjuration/Air              3
   e - Lightning Bolt                 Conjuration/Air              5
 T - a book of Maledictions

   Spells                             Type                      Level
   a - Corona                         Hexes                        1
   b - Ensorcelled Hibernation        Hexes/Ice                    2
   c - Confuse                        Hexes                        3
   d - Tukima's Dance                 Hexes                        3
   e - Dazzling Spray                 Conjuration/Hexes            3
Comestibles
 f - 5 bread rations
 k - 2 meat rations
 v - 2 slices of pizza
 R - a beef jerky
 X - 2 royal jellies


   Skills:
 + Level 4.1 Fighting
 - Level 2.1 Dodging
 - Level 2.4 Stealth
 - Level 7.4 Spellcasting
 + Level 6.5 Conjurations
 + Level 4.7 Charms
 - Level 0.8 Transmutations
 - Level 10.5 Earth Magic


You had 7 spell levels left.
You knew the following spells:

 Your Spells              Type           Power        Failure   Level  Hunger
a - Sandblast             Erth           #####.       1%          1    None
i - Iskenderun's Battles  Conj/Chrm      ####....     28%         5    #####..
k - Lee's Rapid Deconstr  Erth           #####.....   4%          5    #####..
l - Stone Arrow           Conj/Erth      #####.       1%          3    #......
p - Passwall              Tmut/Erth      ####......   1%          2    None


Dungeon Overview and Level Annotations

Branches:
Dungeon (8/15)             Temple (1/1) D:6
   Lair: D:8-11

Altars:
Ashenzari
Cheibriados
Dithmenos
Elyvilon
Fedhas
Gozag
Hepliaklqana
Kikubaaqudgha
Makhleb
Nemelex Xobeh
Ru
Sif Muna
Trog
Uskayaw
Vehumet
Xom
Yredelemnul
Zin
The Shining One

Shops:
D:6 *

Annotations:
D:1 1 runed door


Innate Abilities, Weirdness & Mutations

You are resistant to damage.
You can recharge devices by infusing magical energy.
You passively map the area around you.
You do not regenerate.


Message History

The hornet is heavily wounded.
You feel very sick. The hornet barely misses you.
You riposte.
You barely miss the hornet.
The hornet is heavily wounded.
The hornet barely misses you. The hornet stings you!
You feel as though you will be slow longer.
You closely miss the hornet.
The hornet is heavily wounded.
You feel sick. The hornet misses you.
You riposte.
You closely miss the hornet.
The hornet is heavily wounded.
The hornet closely misses you.
You riposte.
You hit the hornet.
The hornet is heavily wounded.
The hornet stings you.
You feel as though you will be slow longer.
You barely miss the hornet.
The hornet is heavily wounded.
The hornet barely misses you.
You riposte.
You hit the hornet.
The hornet is severely wounded.
The hornet stings you!
You die...

,* *
##.######### *,
, , #.# *, , *
#.# , * ##'## *
* , ##...## * ,
##.....## , * *
* *##(......# ,
, *,
#....(....#** *
,,
,,,+@y.......+,
, ,
*#.........#**
, **
*##.......## *
##.....## * ,
##...## , * ,
**** #+## * *
,* * , *** * ,,
*


You could see a hornet.

Vanquished Creatures
  Pikel (D:7)
  An orc knight (Bailey)
  2 kobold demonologists (Bailey)
  Eustachio (D:6)
  Edmund (D:6)
  10 orc warriors
  2 phantoms
  4 centaurs
  A big kobold (D:6)
  3 bullfrogs
  Blork the orc (D:4)
  A gnoll sergeant (D:5)
  3 scorpions
  A water moccasin skeleton (D:4)
  An electric eel (Bailey)
  A howler monkey (D:5)
  A crimson imp (D:7)
  A centaur zombie (D:7)
  4 hounds
  2 jellies (D:5)
  A bullfrog skeleton (D:4)
  A centaur skeleton (D:4)
  A gnoll shaman (D:4)
  2 orc priests
  7 orc wizards
  Jessica (D:3)
  3 iguanas
  8 worker ants
  A killer bee zombie (D:6)
  A hound zombie (D:5)
  21 gnolls
  4 adders
  An ooze (D:7)
  An adder zombie (D:6)
  2 adder skeletons
  2 worms (D:5)
  2 dart slugs
  3 leopard geckos
  33 orcs
  9 bats
  6 giant cockroaches
  19 goblins
  12 hobgoblins
  2 jackals (D:5)
  10 kobolds
  4 quokkas
  2 ball pythons (D:3)
  6 frilled lizards
  A jackal skeleton (D:4)
  7 rats
215 creatures vanquished.

Vanquished Creatures (others)
  A hungry ghost (D:7)
  2 slaves (D:7)
  An adder (D:7)
4 creatures vanquished.

Grand Total: 219 creatures vanquished

Notes
Turn   | Place    | Note
-------+----------+-------------------------------------------
     0 | D:1      | Duffy the Deep Dwarf Earth Elementalist began the quest for the Orb.
     0 | D:1      | Reached XP level 1. HP: 15/15 MP: 3/3
     1 | D:1      | Found a runed door.
   200 | D:1      | Reached skill level 2 in Spellcasting
   375 | D:1      | Reached XP level 2. HP: 22/22 MP: 1/5
   514 | D:1      | Learned a level 2 spell: Passwall
  1233 | D:2      | Reached XP level 3. HP: 28/28 MP: 4/6
  1875 | D:2      | Reached skill level 5 in Earth Magic
  2322 | D:3      | Reached XP level 4. HP: 30/36 MP: 8/8
  2330 | D:3      | Reached skill level 3 in Spellcasting
  2405 | D:3      | Noticed Jessica
  2410 | D:3      | Killed Jessica
  2569 | D:2      | Found a shattered altar of Ashenzari.
  2860 | D:3      | Reached XP level 5. HP: 30/42 MP: 10/10
  3076 | D:3      | Reached skill level 6 in Earth Magic
  3328 | D:4      | Learned a level 3 spell: Stone Arrow
  3374 | D:4      | Noticed a phantom
  3385 | D:4      | Killed a phantom
  3385 | D:4      | Reached skill level 4 in Spellcasting
  3385 | D:4      | Reached XP level 6. HP: 22/49 MP: 11/12
  3497 | D:4      | Reached skill level 7 in Earth Magic
  3756 | D:4      | Reached XP level 7. HP: 30/55 MP: 14/14
  3826 | D:4      | Reached skill level 8 in Earth Magic
  3866 | D:4      | Noticed Blork the orc
  3873 | D:4      | Killed Blork the orc
  3873 | D:4      | Reached skill level 5 in Spellcasting
  4121 | D:4      | Reached skill level 1 in Conjurations
  4379 | D:5      | Entered Level 5 of the Dungeon
  4432 | D:5      | Reached skill level 2 in Conjurations
  4432 | D:5      | Reached skill level 9 in Earth Magic
  4495 | D:5      | Reached XP level 8. HP: 43/62 MP: 16/16
  4914 | D:5      | Found a deep blue altar of Sif Muna.
  4916 | D:5      | Found a hazy altar of Hepliaklqana.
  4971 | D:5      | Found a white marble altar of Elyvilon.
  4973 | D:5      | Found a radiant altar of Vehumet.
  4975 | D:5      | Found a shimmering altar of Xom.
  5079 | D:5      | Reached skill level 6 in Spellcasting
  5079 | D:5      | Reached skill level 3 in Conjurations
  5466 | D:6      | Reached skill level 10 in Earth Magic
  5509 | D:6      | Found a basalt altar of Yredelemnul.
  5523 | D:6      | Found a staircase to the Ecumenical Temple.
  5528 | Temple   | Entered the Ecumenical Temple
  5886 | Temple   | Became a worshipper of Makhleb the Destroyer
  5961 | D:6      | Noticed a manticore
  6180 | D:6      | Noticed Eustachio
  6191 | D:6      | Killed Eustachio
  6191 | D:6      | Reached skill level 4 in Conjurations
  6211 | D:6      | Learned a level 5 spell: Lee's Rapid Deconstruction
  6217 | D:6      | Learned a level 5 spell: Iskenderun's Battlesphere
  6260 | D:6      | Gained mutation: You passively map the area around you. [Deep Dwarf growth]
  6260 | D:6      | Reached XP level 9. HP: 41/68 MP: 12/17
  6346 | D:6      | Noticed Edmund
  6354 | D:6      | Killed Edmund
  6485 | D:6      | Found a bloodstained altar of Trog.
  6516 | D:6      | Found Monakaaf's Assorted Antiques.
  6531 | D:6      | Reached skill level 1 in Charms
  6605 | D:6      | Bought a scroll labeled MIPNOMA WEINUE for 32 gold pieces
  6605 | D:6      | Bought a scroll labeled PIAMIG FIBYQO for 32 gold pieces
  6605 | D:6      | Bought a scroll labeled UFAYR VULAGH for 32 gold pieces
  6605 | D:6      | Bought a black potion for 28 gold pieces
  6938 | D:7      | Reached * piety under Makhleb
  7010 | D:7      | Reached skill level 2 in Charms
  7079 | D:7      | Reached skill level 7 in Spellcasting
  7131 | D:7      | Noticed Pikel
  7154 | D:7      | Killed Pikel
  7154 | D:7      | Reached skill level 5 in Conjurations
  7154 | D:7      | Reached skill level 3 in Charms
  7407 | D:7      | Got an ichor-stained long sword
  7408 | D:7      | Identified the +9 long sword of Plague {slice, +Rage rF++ rC- Stlth+} (You found it on level 7 of the Dungeon)
  7577 | D:8      | Reached skill level 1 in Fighting
  7597 | D:8      | Found a flagged portal.
  7613 | Bailey   | Entered a bailey
  7672 | Bailey   | Reached skill level 2 in Fighting
  7767 | Bailey   | Found an iron altar of Okawaru.
  7767 | Bailey   | Noticed an orc knight
  7767 | Bailey   | Noticed a kobold demonologist
  7767 | Bailey   | Noticed a kobold demonologist
  7803 | Bailey   | Noticed an orange demon
  7804 | Bailey   | Killed a kobold demonologist
  7830 | Bailey   | Killed a kobold demonologist
  7830 | Bailey   | Reached skill level 3 in Fighting
  7908 | Bailey   | Killed an orc knight
  7908 | Bailey   | Reached skill level 6 in Conjurations
  7908 | Bailey   | Reached skill level 4 in Charms
  7908 | Bailey   | Reached XP level 10. HP: 67/84 MP: 11/20
  8068 | Bailey   | Reached ** piety under Makhleb
  8507 | Bailey   | Reached skill level 4 in Fighting
  8582 | Bailey   | Got a crude falchion {slice}
  8926 | D:8      | HP: 3/85 [hornet (5)]
  8927 | D:8      | Slain by a hornet

Vault maps used:
D:1:      dpeg_arrival_caged_fury, minmay_misc_feat_diagonals,
          minmay_pentomino_w2
D:2:      lemuel_upstairs_altar, kennysheep_potato
D:3:      uniq_jessica
D:4:      uniq_blork_the_orc
D:5:      nicolae_overflow_hidden_temple, first_bread
D:6:      overflow_temple_1_default, lightli_temple_of_fire, serial_shops,
          nicolae_shop_crystal, kb_rosetta, uniq_eustachio, uniq_edmund
D:7:      uniq_pikel
D:8:      lair_entry_dummy, lightli_bailey_entry_fortress
Temple:   minmay_temple_forest_path
Bailey:   bailey_axe_of_yendor_kennysheep, bailey

Skill      XL: |  1  2  3  4  5  6  7  8  9 10 |
---------------+-------------------------------+-----
Spellcasting   | 2 3 4 5 6 7 |  7.4
Earth Magic    | 5 6 7 9 10 | 10.5
Conjurations   | 2 4 6 |  6.5
Charms         | 4 |  4.7
Fighting       | 3 4 |  4.1
Dodging        | |  2.1
Stealth        | |  2.4
Transmutations | |  0.8

Action                   |  1- 3 |  4- 6 |  7- 9 | 10-12 || total
-------------------------+-------+-------+-------+-------++-------
Melee: Dagger            |       |     7 |     2 |       ||     9
       Flail             |       |       |    19 |       ||    19
       Whip              |       |       |     2 |    14 ||    16
       Long sword        |       |       |       |     6 ||     6
 Cast: Sandblast         |    91 |   104 |   132 |    26 ||   353
       Stone Arrow       |       |       |    66 |    23 ||    89
       Lee's Rapid Decon |       |       |     3 |       ||     3
       Iskenderun's Batt |       |       |     1 |     4 ||     5
 Abil: Device Recharging |       |       |     1 |       ||     1
Evoke: Wand              |       |     2 |     5 |     1 ||     8
  Use: Scroll            |       |       |    10 |     1 ||    11
       Potion            |       |       |     1 |       ||     1
 Stab: Sleeping          |       |       |     1 |       ||     1
       Distracted        |       |       |     1 |       ||     1
  Eat: Chunk             |     5 |     5 |    15 |     4 ||    29
Armor: Robe              |     5 |     9 |    10 |     8 ||    32
Dodge: Dodged            |    27 |    43 |    61 |    25 ||   156
Block: Other             |       |     1 |     5 |     4 ||    10
       Reflection        |       |       |       |     1 ||     1
       Rpst.: Long sword |       |       |       |     6 ||     6
